AoeStats
← Iamak3186

Arena

504184727Analyzed
1v1 RM · 29d ago on Sep 4, 2026· 22m 32s· 2 players
Game mode
Random Map
Map size
Tiny (2 player)
Population
200
Speed
Normal
Resources
Standard
Victory
Conquest
Starting age
Dark Age
Ending age
Imperial Age
RankedLock teamsTeams togetherTeam positionsShared explorationLock speedFull tech treeHidden civsTurbo modeCheats
Victory
Defeat
🇮🇳 Japanese · India
1277
+16
1282
-16
Iamak3186
10:55 Feudal Age
14:57 Castle Age
13:40 Double-Bit Axe
13:39 Horse Collar
15:35 Scale Mail Armor
Maharaj Makhan Singh
3:41 Double-Bit Axe
11:00 Feudal Age
15:36 Castle Age
13:51 Bow Saw
13:46 Horse Collar
19:29 Wheelbarrow
Connection lost

Rejoining the realm…

Still unreachable

The connection could not be restored.

Session expired

The server has moved on; the page needs a fresh start.